Map: Kairos Junction LE

Players

Dear - Winner!

  • Race: Protoss Protoss
  • Spawn Location: 11:00

uThermal

  • Race: Terran Terran
  • Spawn Location: 5:00

Event: IEM Season 13: Katowice (2019)

VOD

Have the link to the VOD?

Description

Time

  • Played on: March 1, 2019, 3:48 p.m.
  • Length: 14:18

All games in this series

Show
View Real Time Build Order
Export as new Build Order

Dear Protoss - Winner!

Build Orders: 1 Gate Expand, Colossus Rush 

Get SALT Encoding   

  12  0:00  Probe  
  13  0:12  Probe  
  14  0:17  Pylon  
  14  0:24  Probe  
  15  0:32  Probe  
  15  0:37  Gateway  
  15  0:40  Probe  
  16  0:46  Assimilator  
  17  0:51  Probe  
  18  1:03  Probe  
  19  1:15  Probe  
  20  1:23  Nexus  
  20  1:32  Cybernetics Core  
  20  1:35  Probe  
  21  1:43  Assimilator  
  21  1:47  Probe  
  21  1:53  Pylon  
  22  1:59  Probe  
  23  2:01  Adept  
  23  2:09  Warp Gate  
  23  2:11  Probe  
  26  2:22  Stalker  
  26  2:23  Probe  
  27  2:31  Probe  
  27  2:34  Robotics Facility  
  27  2:35  Probe  
  31  2:39  Probe  
  32  2:47  Probe  
  32  2:49  Probe  
  32  2:51  Stalker  
  36  2:59  Probe  
  36  3:01  Probe  
  38  3:12  Probe  
  39  3:13  Probe  
  40  3:22  Gateway, Probe  
  40  3:23  Observer  
  40  3:24  Gateway  
  40  3:25  Probe  
  43  3:30  Probe  
  46  3:35  Pylon  
  46  3:39  Probe x2  
  46  3:40  Pylon  
  45  3:44  Shield Battery  
  45  3:46  Assimilator  
  45  3:48  Assimilator  
  46  3:53  Observer, Probe x2  
  49  3:57  Stalker  
  49  3:59  Pylon  
  51  4:05  Probe x2  
  51  4:07  Robotics Bay  
  53  4:14  Observer  
  53  4:15  Forge  
  54  4:18  Stalker  
  54  4:20  Stalker  
  54  4:23  Zealot  
  60  4:27  Probe  
  60  4:29  Probe  
  60  4:31  Pylon  
  60  4:36  Colossus  
  60  4:45  Nexus  
  58  4:56  Protoss Ground Weapons Level 1  
  58  4:59  Probe x2  
  66  5:04  Extended Thermal Lance  
  66  5:11  Probe x2  
  68  5:15  Twilight Council  
  68  5:17  Colossus  
  68  5:21  Pylon  
  68  5:23  Probe  
  68  5:24  Probe  
  70  5:34  Pylon  
  76  5:35  Probe  
  76  5:36  Probe  
  76  5:40  Pylon  
  78  5:43  Sentry  
  78  5:44  Sentry  
  78  5:45  Zealot  
  78  5:48  Probe x2  
  86  5:53  Charge  
  86  5:56  Gateway  
  86  5:59  Gateway  
  86  6:01  Colossus  
  86  6:05  Probe x3  
  86  6:10  Zealot  
  86  6:17  Probe x2  
  85  6:23  Probe  
  92  6:29  Probe x2  
  94  6:35  Gateway, Probe  
  94  6:38  Gateway  
  95  6:41  Colossus  
  95  6:45  Gateway  
  95  6:46  Protoss Ground Armor Level 1  
  94  6:59  Zealot x4  
  108  7:02  Zealot  
  108  7:07  Photon Cannon  
  110  7:08  Pylon  
  110  7:14  Probe x3, Templar Archives  
  113  7:20  Pylon  
  113  7:25  Psionic Storm  
  113  7:26  Warp Prism  
  113  7:28  Stalker x4  
  120  7:36  Zealot  
  124  7:41  Pylon  
  120  7:51  Zealot x3, High Templar  
  122  7:53  Zealot  
  130  8:01  Zealot x2  
  130  8:05  Pylon, High Templar  
  134  8:06  Pylon  
  128  8:22  Zealot x5, High Templar  
  128  8:23  Zealot  
  104  8:51  Zealot x5  
  104  8:52  Zealot x2  
  100  8:58  High Templar  
  92  9:26  Stalker x4  
  92  9:27  Stalker  
  76  9:44  Pylon  
  50  9:54  Zealot x5  
  52  10:10  Observer  
  52  10:17  Zealot x3  
  58  10:44  Zealot x2  
  58  11:25  Stalker x3  
  64  11:41  Dark Shrine  
  60  13:02  Dark Templar x3  
  60  13:03  Dark Templar x2  
  58  13:35  Stargate  
Show
View Real Time Build Order
Export as new Build Order

uThermal Terran 

Build Orders: Gas First Reaper Expand 

Get SALT Encoding   

  12  0:01  SCV  
  13  0:13  SCV  
  14  0:17  Supply Depot  
  14  0:25  SCV  
  14  0:27  Refinery  
  15  0:38  SCV  
  16  0:45  Barracks  
  16  0:50  SCV  
  17  1:03  SCV  
  18  1:15  SCV  
  19  1:32  Reaper, Orbital Command  
  20  1:45  Command Center  
  20  1:55  Factory  
  20  1:58  SCV  
  21  2:06  Barracks Reactor  
  21  2:10  SCV  
  21  2:14  Supply Depot  
  22  2:23  SCV  
  23  2:36  SCV  
  24  2:39  Hellion  
  24  2:42  Starport, Marine x2  
  28  2:48  SCV  
  29  2:57  Orbital Command  
  29  3:00  SCV, Marine x2  
  29  3:01  Hellion  
  34  3:14  SCV  
  36  3:23  Medivac  
  36  3:24  SCV  
  37  3:28  Bunker  
  37  3:30  SCV  
  38  3:34  Hellion x2, Marine  
  38  3:38  Supply Depot  
  43  3:42  SCV  
  43  3:46  SCV  
  45  3:53  Barracks Tech Lab, Refinery  
  45  3:54  SCV  
  46  4:00  SCV, Hellion x2  
  51  4:06  SCV  
  51  4:07  Supply Depot  
  52  4:12  SCV  
  52  4:13  Stimpack, Marine  
  54  4:22  SCV  
  52  4:24  SCV  
  52  4:30  Starport Reactor  
  50  4:34  Barracks x2, SCV, Marine  
  50  4:36  SCV  
  52  4:40  Factory Tech Lab  
  52  4:42  Engineering Bay  
  50  4:46  SCV  
  50  4:48  SCV  
  50  4:52  Marine  
  52  4:56  Supply Depot  
  52  4:57  Refinery  
  52  4:58  SCV  
  52  4:59  Siege Tank  
  57  5:00  SCV  
  57  5:02  Supply Depot  
  58  5:10  SCV  
  58  5:12  SCV  
  60  5:15  Starport Reactor, Barracks  
  60  5:18  Barracks  
  60  5:19  Terran Infantry Weapons Level 1, Marine  
  61  5:22  SCV  
  61  5:23  Marine x2  
  61  5:27  Missile Turret, SCV  
  65  5:32  Marine x2  
  67  5:35  Siege Tank  
  67  5:37  Marine  
  67  5:39  SCV  
  67  5:40  Supply Depot  
  67  5:41  Marine  
  67  5:42  SCV  
  74  5:45  Marine  
  75  5:51  SCV  
  75  5:52  Medivac, Supply Depot  
  75  5:56  Refinery  
  78  6:01  Marine x4  
  78  6:02  Supply Depot  
  82  6:05  Marine x2  
  82  6:07  Marine  
  85  6:17  Siege Tank, Supply Depot  
  89  6:19  Marine x2  
  89  6:21  Combat Shield, Marine  
  89  6:22  Marine  
  89  6:25  Marine  
  92  6:26  Marine, Supply Depot  
  92  6:28  Marine  
  92  6:32  Medivac  
  94  6:36  Marine  
  94  6:37  Marine  
  94  6:38  Medivac  
  94  6:39  Marine  
  99  6:43  Marine  
  99  6:46  Marine x2  
  99  6:47  Marine  
  102  6:50  Siege Tank  
  102  6:53  Supply Depot  
  106  6:54  Marine x2  
  106  6:57  Marine  
  105  7:01  Supply Depot  
  105  7:02  Viking, Marine  
  105  7:04  Marine  
  105  7:06  Marine  
  110  7:08  Viking  
  110  7:09  Marine  
  110  7:12  Marine  
  114  7:15  Marine  
  114  7:16  Marine  
  114  7:17  Terran Infantry Armor Level 1  
  114  7:20  Marine  
  114  7:21  Marine  
  118  7:24  Marine  
  118  7:27  Marine  
  120  7:30  Siege Tank  
  120  7:33  Supply Depot, Marine x2  
  120  7:34  Marine  
  126  7:38  Marine  
  126  7:39  Viking  
  128  7:45  Marine x2  
  128  7:47  Supply Depot  
  128  7:49  Marine  
  131  7:53  Marine  
  131  7:58  Marine  
  132  8:01  Supply Depot  
  132  8:03  Siege Tank  
  135  8:07  Marine  
  134  8:13  Viking x2  
  134  8:15  Marine x2  
  140  8:24  Supply Depot  
  140  8:25  Supply Depot  
  140  8:26  Marine  
  141  8:27  Marine  
  141  8:29  Marine  
  141  8:31  Marine  
  138  8:35  Siege Tank  
  138  8:40  Marine x2  
  118  8:52  Viking, Marine x2  
  118  8:53  Marine x2  
  114  8:59  Viking  
  114  9:00  Marine  
  114  9:02  Marine  
  112  9:07  Siege Tank  
  112  9:08  Marine  
  110  9:13  Marine  
  110  9:14  Marine x2  
  110  9:15  Marine  
  31  10:07  Siege Tank, Viking  
  31  10:11  Marine x2  
  31  10:13  SCV  
  27  10:29  Marine x2  
  27  10:32  Orbital Command  
  29  10:42  SCV  
  30  10:44  Marine x2  
  30  10:47  Marine x2  
  34  10:54  SCV  
  35  11:02  Marine  
  36  11:04  SCV  
  36  11:05  Marine  
  36  11:11  SCV  
  21  11:47  Viking  
  20  12:09  Marine  
  20  12:12  Marine  
  22  12:27  Marine  

Tags
 
Add a new tag
Caveats
  • Supply blocks, unpowered buildings, or Contaminate may cause inaccurate times.
  • Supply counts are checked every 10 seconds.